 Dungeon Crawl Stone Soup version 0.30.0-20-g3615ddf2f0 (webtiles) character file.

Game seed: 1832440721199715092

47 qw the Chopper (level 3, -2/23 HPs)
             Began as a Gargoyle Fighter on May 27, 2023.
             Slain by a gnoll
             ... wielding a +0 halberd
              (3 damage)
             ... on level 2 of the Dungeon.
             The game lasted 00:00:29 (1075 turns).

qw the Chopper (Gargoyle Fighter)                   Turns: 1075, Time: 00:00:29

Health: -2/23      AC: 10    Str: 21    XL:     3   Next: 70%
Magic:  3/3        EV:  9    Int:  8    God:
Gold:   27         SH:  4    Dex:  9    Spells: 2/2 levels left

rFire   . . .        Y - +0 war axe
rCold   . . .        c - +0 buckler
rNeg    + . .        b - +0 scale mail
rPois   inf          (no helmet)
rElec   +            (no cloak)
rCorr   .            (no gloves)
SInv    .            (no boots)
Will    .....        (no amulet) Stlth
                     (no ring)
HPRegen 0.23/turn    (no ring)
MPRegen 0.08/turn

%: no passive effects
@: about to teleport
A: sickness immunity, AC +3, negative energy resistance 1, electricity
resistance, torment resistance 1, petrification resistance
a: no special abilities


You were on level 2 of the Dungeon.
You visited 1 branch of the dungeon, and saw 2 of its levels.

You collected 27 gold pieces.


Innate Abilities, Weirdness & Mutations

You are immune to sickness and miasma.
Your stone body is resilient. (AC +3)
You are immune to poison.
You resist negative energy. (rN+)
You are resistant to electric shocks. (rElec)
You are resistant to unholy torment.
You are immune to petrification.


   Skills:
 - Level 3.2 Fighting
 + Level 3.6 Axes
 - Level 3.2 Armour
 - Level 3.2 Shields


You had 2 spell levels left.
You didn't know any spells.
Your spell library was empty.

Inventory:

Hand Weapons
 l - a +0 mace
 Y - a +0 war axe (weapon)
Missiles
 h - a boomerang (quivered)
Armour
 b - a +0 scale mail (worn)
 c - a +0 buckler (worn)
Scrolls
 a - a scroll of brand weapon {unknown}
Potions
 d - a potion of might
 e - a potion of berserk rage {unknown}
 f - a potion of curing

Dungeon Overview and Level Annotations

Branches:
Dungeon (2/15)

Altars:


Message History

The worm is heavily wounded.
You slash the worm!
You kill the worm!
You see here a worm corpse.
There is an open door, spattered with blood here.
You see here a rat corpse.
As you open the door, it creaks loudly!
Found a sling.
Found a stone staircase leading up.
Enter note:
Enter note: You open the door.
There is an open door here.
Found a stone staircase leading down.
Enter note:
Enter note:
There is a stone staircase leading down here.
You open the door. 4 gnolls come into view.
The gnoll shouts! x4
The gnoll hits you but does no damage.
Enter note:
Enter note: You throw a boomerang.
The boomerang hits the gnoll and shatters, but does no damage.
The gnoll hits you from afar with a +0 halberd.
The gnoll barely misses you. The gnoll hits you but does no damage.
You block the gnoll's attack.
There is an open door here.
Enter note:
Enter note: You completely miss the gnoll.
You hit the gnoll. The gnoll hits you but does no damage.
The gnoll hits you with a +0 halberd! The gnoll barely misses you.
The gnoll hits you with a +0 club. The gnoll barely misses you.
The gnoll hits you with a +0 whip. You block the gnoll's attack.
1075 ||| READING scroll of teleportation.
As you read the scroll of teleportation, it crumbles to dust.
You feel strangely unstable. The gnoll closely misses you.
The gnoll hits you with a +0 halberd.
You die...

#######
......g####
.....gg@.>#
......g##.#
....... #.#
....... #.#
....... #.#
....... #.#
.......
#.#<#
.......
#.#.# #.#.#


You could see 4 gnolls.

Vanquished Creatures
  2 adders
  A worm (D:2)
  2 ball pythons (D:1)
  4 endoplasms
  3 goblins
  3 hobgoblins (D:1)
  4 kobolds
  A quokka (D:1)
  4 frilled lizards
  3 rats
27 creatures vanquished.

Notes
Turn   | Place    | Note
-------+----------+-------------------------------------------
     0 | D:1      | qw the Gargoyle Fighter began the quest for the Orb.
     0 | D:1      | Reached XP level 1. HP: 14/14 MP: 1/1
     0 | D:1      | 0 ||| qw: Version: 0.2-a-100-g3d2c45e
     0 | D:1      | 0 ||| qw: Game counter: 190
     0 | D:1      | 0 ||| qw: Always use a shield: true
     0 | D:1      | 0 ||| qw: God list: Okawaru
     0 | D:1      | 0 ||| qw: Allow faded altars: false
     0 | D:1      | 0 ||| qw: Do Orc after D:15 true
     0 | D:1      | 0 ||| qw: Do second Lair branch before Depths: true
     0 | D:1      | 0 ||| qw: Lair rune preference: random
     0 | D:1      | 0 ||| qw: Plans: Normal, Zot:1-4, God:TSO, Crypt, Tomb,
                  | Pan, Slime:5, Hells, Abyss, Win
     0 | D:1      | 0 ||| PLANNING D:1-11
     9 | D:1      | Found a faded altar of an unknown god.
    54 | D:1      | 54 ||| Stepping ~*~*~tactically~*~*~ (hiding).
   260 | D:1      | Reached XP level 2. HP: 19/19 MP: 2/2
   643 | D:1      | 643 ||| DROPPING +0 club.
   822 | D:1      | 822 ||| READING scroll labelled BEEB AMIUQISUY.
   825 | D:1      | 825 ||| READING scroll labelled VUIGYC LONLUTE.
   826 | D:1      | 826 ||| READING scroll labelled FUDEAN KIMM.
   827 | D:1      | 827 ||| READING scroll labelled KIUZ IFUETASOA.
   828 | D:1      | 828 ||| DRINKING 2 ruby potions.
   847 | D:2      | Reached skill level 3 in Axes
   852 | D:2      | 852 ||| STAIRDANCE
   880 | D:1      | Reached XP level 3. HP: 20/23 MP: 3/3
   902 | D:2      | 902 ||| Stepping ~*~*~tactically~*~*~ (stealth).
   945 | D:2      | 945 ||| Stepping ~*~*~tactically~*~*~ (stealth).
  1074 | D:2      | HP: 4/23 [gnoll/+0 club (4)]
  1074 | D:2      | HP: 1/23 [gnoll/+0 whip (3)]
  1075 | D:2      | 1075 ||| READING scroll of teleportation.
  1075 | D:2      | Slain by a gnoll

Levels and vault maps discovered:
D:1:      sevenhm_arrival_forest_fort_small_6, layout_basic,
          shapermc_ecumenical_altar_totnotflames, minmay_split_cup_large
D:2:      layout_basic, minmay_pentomino_u4

Skill      XL: |  1  2 |
---------------+-------+-----
Axes           | 2 3 |  3.6
Fighting       | |  3.2
Armour         | |  3.2
Shields        | |  3.2

Action                     || total
---------------------------++-------
  Melee: War axe           ||    73
  Throw: Boomerang         ||    29
    Use: Scroll            ||     5
         Potion            ||     1
 Armour: Scale mail        ||    38
  Dodge: Dodged            ||    46
  Block: Buckler           ||    15

Table legend:
 A = Non-vault XP
 B = Vault XP
 C = Vault XP percentage of total XP
 D = Non-vault monster count
 E = Vault monster count
 F = Vault count percentage of total count
                 A         B        C        D         E       F
            +---------+---------+-------+---------+---------+-------
      Total |      58 |      10 |  14.7 |      22 |       5 |  18.5
            +---------+---------+-------+---------+---------+-------
        D:1 |      31 |      10 |  24.4 |      13 |       5 |  27.8
        D:2 |      27 |       0 |   0.0 |       9 |       0 |   0.0
            +---------+---------+-------+---------+---------+-------
